 Dungeon Crawl Stone Soup version 0.18-a0-1805-g8ab820f (webtiles) character file.

55 epen the Sneak (level 3, 0/27 HPs)
             Began as a Vampire Assassin on Apr 26, 2016.
             Hit by a goblin thrown by Robin (2 damage)
             ... on level 2 of the Dungeon.
             The game lasted 00:04:51 (2112 turns).

epen the Sneak (Vampire Assassin)                   Turns: 2112, Time: 00:04:51

Health: 0/27       AC:  3    Str: 10    XL:     3   Next: 67%
Magic:  3/3        EV: 13    Int: 13    God:
Gold:   79         SH:  0    Dex: 16    Spells: 0 memorised, 2 levels left

rFire  . . .     SeeInvis +     i - +2 dagger (speed)
rCold  + . .     Gourm    .     c - +0 robe
rNeg   + + .     Faith    .     (no shield)
rPois  +         Spirit   .     (no helmet)
rElec  .         Dismiss  .     d - +0 cloak
rCorr  .         Reflect  .     (no gloves)
SustAt .         Harm     .     (no boots)
MR     .....                    (no amulet)
Stlth  ++++......               (no ring)
                                (no ring)

@: regenerating slowly, not resistant to hostile enchantments, stealthy
A: fangs 3, see invisible, unbreathing
a: Bat Form


You were on level 2 of the Dungeon.
You were very thirsty.

You visited 1 branch of the dungeon, and saw 2 of its levels.

You collected 79 gold pieces.

Inventory:

Hand Weapons
 a - a +2 dagger
 b - a +0 blowgun
 i - a +2 dagger of speed (weapon)
 p - a -2 whip
Missiles
 e - 8 poisoned needles
 f - 2 curare-tipped needles
Armour
 c - a +0 robe (worn)
 d - a +0 cloak (worn)
Potions
 g - 12 potions of blood
 h - a potion of agility {unknown}
 j - a potion of might {unknown}
 m - a potion of curing {unknown}
 o - a potion of lignification {unknown}


   Skills:
 + Level 2.1 Fighting
 * Level 3.1 Short Blades
 - Level 1.5 Throwing
 + Level 0.7 Armour
 * Level 2.4 Dodging
 + Level 6.0 Stealth


You had 2 spell levels left.
You didn't know any spells.

Dungeon Overview and Level Annotations

Branches:
Dungeon (2/15)

Altars:
Ashenzari
Ru
Zin

Annotations:
D:2 Jessica, Robin


Innate Abilities, Weirdness & Mutations

You heal slowly.
You have razor-sharp teeth.
You have supernaturally acute eyesight.
You can survive without breathing.


Message History

The stone barely misses you.
Found a club.
Robin laughs in a distinctly smug fashion.
Robin roars a battlecry!
The goblin goes into a battle-frenzy!
You hear a shout!
Robin roars a battlecry!
The goblin goes into a battle-frenzy!
Robin hits you with a dagger.
* * * LOW HITPOINT WARNING * * *
The goblin throws a tomahawk.
The tomahawk hits you but does no damage.
Robin roars a battlecry!
The goblin goes into a battle-frenzy!
You see here a tomahawk.
The kobold shouts!
The kobold hits you with a short sword.
* * * LOW HITPOINT WARNING * * *
Robin throws the goblin at you!
You die...

###.#.# *###.*###..........##...
....#.# *,...####@......#.......
.####)# *,*#......#...#g#.##....
.####)##**.##..........#...#**...
.#....(##..##..........#...#*,,..
........#.#*#.....gg.......#,,,,.
..........# #.....g.K......#,,,,,
..........# #..K<....g........#**
..........# #..g@g.........#.##**
......>..###............(.....#,,
.%..gg........................#,,
.............##.........#.....#_,
.....g.....##*#.........#)....#,,
.....<...g# #.........#,,,,,*,,
......g..## #.........#*,,,,***
......g..# #.........***,,,**,
....g....# *,,,,,,,,** *,,,,,,


You could see Robin, Jessica, a hobgoblin, 5 goblins and 2 kobolds.

Vanquished Creatures
  4 dart slugs (D:1)
  A giant gecko (D:2)
  A giant cockroach (D:1)
  11 goblins
  7 hobgoblins
  4 jackals (D:1)
  4 kobolds
  5 bats
  A giant newt (D:2)
  3 rats (D:1)
41 creatures vanquished.

Notes
Turn   | Place    | Note
--------------------------------------------------------------
     0 | D:1      | epen the Vampire Assassin began the quest for the Orb.
     0 | D:1      | Reached XP level 1. HP: 16/16 MP: 1/1
   202 | D:1      | Reached skill level 6 in Stealth
   205 | D:1      | Reached XP level 2. HP: 11/22 MP: 2/2
   829 | D:1      | Reached XP level 3. HP: 27/27 MP: 3/3
   880 | D:1      | You fall through a shaft!
  1062 | D:2      | Found a sacrificial altar of Ru.
  1067 | D:2      | Found a shattered altar of Ashenzari.
  1075 | D:2      | Found a glowing silver altar of Zin.
  1136 | D:2      | Noticed Jessica
  1733 | D:2      | Noticed Robin
  2112 | D:2      | Hit by a goblin thrown by Robin

Vault maps used:
D:1:      dpeg_arrival_rooms_b
D:2:      nicolae_dithmenos_through_a_glass_darkly, grunt_temple_overflow_open,
          lemuel_coloured_pillars_altar, first_bread, uniq_jessica, uniq_robin

Skill      XL: |  1  2  3 |
---------------+----------+-----
Stealth        | 6 |  6.0
Fighting       | 2 |  2.1
Dodging        | 2 |  2.4
Short Blades   | 3 |  3.1
Throwing       | |  1.5
Armour         | |  0.7

Action                   || total
-------------------------++-------
Melee: Dagger            ||   119
       Bite              ||    10
       Whip              ||    10
  Use: Scroll            ||     4
       Potion            ||     1
 Stab: Sleeping          ||     7
       Distracted        ||     1
Armor: Robe              ||    26
Dodge: Dodged            ||    79
